 Dungeon Crawl Stone Soup version 0.22-b1-21-g5cfc168 (webtiles) character file.

184 inmateoo the Sneak (level 5, -1/42 HPs)
             Began as a Formicid Assassin on Aug 4, 2018.
             Slain by a bullfrog (2 damage)
             ... in a sewer.
             The game lasted 00:04:42 (2224 turns).

inmateoo the Sneak (Formicid Assassin)              Turns: 2224, Time: 00:04:43

Health: -1/42      AC:  3    Str: 23    XL:     5   Next: 95%
Magic:  5/5        EV: 12    Int: 11    God:
Gold:   153        SH:  0    Dex: 12    Spells: 4/4 levels left

rFire    . . .     SeeInvis +     - Unarmed
rCold    . . .     Gourm    .   (no shield)
rNeg     . . .     Faith    .   c - +0 robe
rPois    .         Spirit   .   (helmet unavailable)
rElec    .         Reflect  .   d - +0 cloak
rCorr    .         Harm     .   (no gloves)
MR       .....                  (no boots)
Stlth    +++.......             (no amulet)
HPRegen  0.54/turn              (no ring)
MPRegen  0.09/turn              (no ring)

@: mighty, flying, very slightly contaminated, invisible
A: permanent stasis, dig shafts and tunnels, four strong arms, antennae 3,
hooves 1, regeneration 1, strong 1
a: Dig, Shaft Self


You were in a sewer.
You were not hungry.

You visited 1 branch of the dungeon, and saw 3 of its levels.
You also visited: Sewer.

You collected 153 gold pieces.

Inventory:

Hand Weapons
 a - a +2 dagger
 b - a +0 blowgun
Missiles
 e - 8 poisoned needles
 f - 2 curare-tipped needles
Armour
 c - a +0 robe (worn)
 d - a +0 cloak (worn)
Jewellery
 n - an uncursed ring of fire
Scrolls
 p - 3 scrolls of remove curse
Potions
 i - a potion of resistance {unknown}
 j - a potion of mutation
 k - 3 potions of might
 o - a potion of agility
Comestibles
 g - 5 rations


   Skills:
 + Level 4.0 Fighting
 - Level 2.0 Short Blades
 - Level 2.0 Throwing
 + Level 2.1 Armour
 + Level 2.0 Dodging
 - Level 4.8 Stealth
 * Level 2.7 Unarmed Combat


You had 4 spell levels left.
You didn't know any spells.
Your spell library was empty.

Dungeon Overview and Level Annotations

Branches:
Dungeon (3/15)

Altars:
Makhleb


Innate Abilities, Weirdness & Mutations

You cannot be hasted, slowed, berserked, paralysed or teleported.
You can dig through walls and to a lower floor.
Your four strong arms can wield two-handed weapons with a shield.
You have a pair of large antennae on your head. (SInv)
You have large cloven feet.
Your natural rate of healing is unusually fast.
Your muscles are strong. (Str +2)


Message History

You are very lightly contaminated with residual magic.
Unknown command.
You feel very mighty all of a sudden.
The bullfrog hits you but does no damage.
The bullfrog completely misses you.
Okay, then.
Wield which item (- for none, * to show all)? (? for menu, Esc to quit)
You are now empty-handed.
The bullfrog closely misses you. The bullfrog barely misses you.
You closely miss the bullfrog. You kick the bullfrog!
The bullfrog is heavily wounded.
The bullfrog hits you!
* * * LOW HITPOINT WARNING * * *
The bullfrog hits you.
* * * LOW HITPOINT WARNING * * *
Unknown command.
It was a potion of flight.
You feel very buoyant.
You fly up into the air.
The bullfrog hits you.
You die...

#.≈≈≈≈≈≈≈≈≈≈.≈≈≈≈≈ #.#
#.≈≈≈≈≈≈....≈.≈≈≈# #≈#
#.≈≈≈≈≈≈≈≈≈≈≈.∩≈≈# #.#
#.≈≈≈≈≈≈≈≈≈≈≈≈≈≈≈# #≈#
#.≈≈≈≈≈≈≈≈≈≈≈≈≈≈# #≈#
#.≈≈≈≈≈≈≈≈≈≈≈≈≈≈# #≈#
#.≈≈≈.≈≈≈≈≈≈≈≈≈# #≈#
#.≈≈≈.≈≈F≈≈≈≈≈########≈#
#.≈≈≈≈.@F≈≈≈≈≈≈≈≈≈.≈≈≈≈#
#.≈≈≈≈≈≈≈≈≈≈≈≈≈≈≈≈≈≈≈≈.#
#.≈≈≈≈≈≈≈≈≈≈≈≈≈≈≈≈≈≈≈≈.#
#..≈≈≈≈≈≈≈≈≈≈≈≈≈≈≈≈≈≈≈.#
##.....≈≈≈.≈≈≈≈≈†......#
#######################


You could see 2 bullfrogs.

Vanquished Creatures
  Crazy Yiuf (D:2)
  7 adders
  An ooze (D:2)
  A dart slug (D:1)
  4 worms
  6 leopard geckos
  4 giant cockroaches
  6 goblins
  6 hobgoblins
  2 jackals (D:1)
  A quokka (D:2)
  2 ball pythons
  7 bats
  8 frilled lizards
  10 kobolds
  7 rats
73 creatures vanquished.

Notes
Turn   | Place    | Note
-------+----------+-------------------------------------------
     0 | D:1      | inmateoo the Formicid Assassin began the quest for the Orb.
     0 | D:1      | Reached XP level 1. HP: 16/16 MP: 1/1
   302 | D:1      | Reached XP level 2. HP: 23/24 MP: 2/2
   469 | D:1      | Gained mutation: Your natural rate of healing is unusually fast. [potion of mutation]
   469 | D:1      | Gained mutation: Your muscles are strong. (Str +2) [potion of mutation]
   469 | D:1      | Gained mutation: You have large cloven feet. [potion of mutation]
   553 | D:1      | Reached skill level 1 in Dodging
   600 | D:1      | Reached XP level 3. HP: 24/29 MP: 3/3
   868 | D:1      | Reached skill level 1 in Unarmed Combat
  1057 | D:2      | Reached skill level 1 in Armour
  1079 | D:2      | Found a runed door.
  1100 | D:2      | Noticed Crazy Yiuf
  1112 | D:2      | Killed Crazy Yiuf
  1112 | D:2      | Reached XP level 4. HP: 34/36 MP: 4/4
  1452 | D:2      | Reached XP level 5. HP: 42/42 MP: 5/5
  1648 | D:3      | Found a burning altar of Makhleb.
  1763 | D:3      | Found a glowing drain.
  1799 | Sewer    | Entered a sewer
  2213 | Sewer    | Noticed a bullfrog
  2214 | Sewer    | Noticed a bullfrog
  2223 | Sewer    | HP: 1/42 [bullfrog (4)]
  2224 | Sewer    | Slain by a bullfrog

Skill      XL: |  1  2  3  4  5 |
---------------+----------------+-----
Fighting       | 3 4 |  4.0
Dodging        | 1 2 |  2.0
Unarmed Combat | 1 2 |  2.7
Armour         | 1 2 |  2.1
Short Blades   | |  2.0
Throwing       | |  2.0
Stealth        | |  4.8

Action                   |  1- 3 |  4- 6 || total
-------------------------+-------+-------++-------
Melee: Dagger            |    90 |   137 ||   227
       Unarmed           |    10 |     1 ||    11
       Kick              |    10 |    30 ||    40
       Punch             |       |     2 ||     2
 Fire: Blowgun           |     3 |       ||     3
  Use: Scroll            |     9 |     2 ||    11
       Potion            |     1 |     3 ||     4
 Stab: Sleeping          |     7 |     4 ||    11
  Eat: Chunk             |     1 |     4 ||     5
Armor: Robe              |    25 |    41 ||    66
Dodge: Dodged            |    48 |    99 ||   147
